 Dungeon Crawl Stone Soup version 0.25-a0-734-g73332ae (webtiles) character file.

Game seed: 12300733571601420314, levelgen mode: deterministic

88 Dorkslayer the Skirmisher (level 4, -2/37 HPs)
             Began as a Demonspawn Abyssal Knight on Apr 9, 2020.
             Was a Follower of Lugonu.
             Slain by a gnoll
             ... wielding a +0 halberd
              (6 damage)
             ... on level 2 of the Dungeon.
             The game lasted 00:05:16 (1330 turns).

Dorkslayer the Skirmisher (DsAK)                    Turns: 1330, Time: 00:05:17

Health: -2/37      AC:  9    Str: 13    XL:     4   Next: 29%
Magic:  6/6        EV: 11    Int: 14    God:    Lugonu [*.....]
Gold:   41         SH:  0    Dex: 12    Spells: 3/3 levels left

rFire    . . .     SeeInvis .   a - +1 hand axe
rCold    . . .     Gourm    .   (no shield)
rNeg     . . .     Faith    .   b - +0 leather armour
rPois    .         Spirit   .   (no helmet)
rElec    .         Reflect  .   (no cloak)
rCorr    .         Harm     .   (no gloves)
MR       .....                  f - +1 pair of boots
Stlth    +.........             (no amulet)
HPRegen  0.12/turn              (no ring)
MPRegen  0.10/turn              (no ring)

@: very slightly contaminated, invisible
A: iridescent scales 2
a: Depart the Abyss, Renounce Religion


You were on level 2 of the Dungeon.
You worshipped Lugonu.
Lugonu was aware of your devotion.
You were not hungry.

You visited 1 branch of the dungeon, and saw 2 of its levels.
You visited the Abyss 1 time.

You collected 41 gold pieces.

Inventory:

Hand Weapons
 a - a +1 hand axe (weapon)
Armour
 b - a +0 leather armour (worn)
 f - a +1 pair of boots (worn)
Potions
 g - a potion of heal wounds {unknown}
 m - a potion of might {unknown}
 n - a potion of ambrosia {unknown}
Comestibles
 c - 3 rations
 l - 9 chunks of flesh


   Skills:
 + Level 4.1 Fighting
 + Level 2.3 Axes
 + Level 2.2 Armour
 + Level 1.1 Dodging
 + Level 0.3 Stealth
 * Level 3.2 Invocations


You had 3 spell levels left.
You didn't know any spells.
Your spell library was empty.

Dungeon Overview and Level Annotations

Branches:
Dungeon (2/15)

Altars:

Annotations:
D:2 1 runed translucent door, Crazy Yiuf


Innate Abilities, Weirdness & Mutations

You are mostly covered in iridescent scales. (AC +4)


Message History

* * * LOW HITPOINT WARNING * * *
The goblin shouts!
You hit the gnoll.
The gnoll is almost dead.
The gnoll hits you.
* * * LOW HITPOINT WARNING * * *
You slash the gnoll!
You kill the gnoll!
Lugonu accepts your kill.
You barely miss the gnoll.
The gnoll is lightly wounded.
The gnoll hits you but does no damage.
You hit the gnoll.
The gnoll is heavily wounded.
The gnoll hits you with a +0 halberd.
* * * LOW HITPOINT WARNING * * *
You hit the gnoll.
The gnoll is severely wounded.
The gnoll hits you with a +0 halberd.
You die...

.##.##.......# #<#####..
.#...........# #.gg.g..#
....##.......# ##.##
.#.####.....##### #...#
...# ##........# #.†.#
#### ##..####.# #.†.#
#.....#.# #...#
##......#####)..#####
#..###.@g........... .[#
##.# #.....)........ ..#
#.###..........!.... ..#
#.....#####...#####. #.#
###.### #..g# . #.# #.#
#..># . # #.# ####.##
#...# ####.#####....÷#
#...# #.
#............#.#######.##
#.


You could see a gnoll and a goblin (wandering).

Vanquished Creatures
  3 gnolls (D:2)
  2 adders (D:2)
  A white imp (Abyss:1)
  4 leopard geckos
  5 bats
  3 giant cockroaches
  2 goblins
  5 hobgoblins
  A quokka (D:2)
  A frilled lizard (D:1)
  5 rats (D:2)
32 creatures vanquished.

Notes
Turn   | Place    | Note
-------+----------+-------------------------------------------
     0 | Abyss:1  | Dorkslayer the Demonspawn Abyssal Knight began the quest
                  | for the Orb.
     0 | Abyss:1  | Reached XP level 1. HP: 18/18 MP: 2/2
    45 | Abyss:1  | Noticed a crimson imp
    53 | D:1      | Escaped the Abyss
    97 | D:1      | Gained mutation: You are partially covered in iridescent
                  | scales. (AC +2) [demonic ancestry]
    97 | D:1      | Reached XP level 2. HP: 5/24 MP: 3/3
   974 | D:2      | Reached * piety under Lugonu
  1028 | D:2      | Gained mutation: You are mostly covered in iridescent
                  | scales. (AC +4) [demonic ancestry]
  1028 | D:2      | Reached XP level 3. HP: 30/30 MP: 5/5
  1085 | D:2      | Found a runed translucent door.
  1086 | D:2      | Noticed Crazy Yiuf
  1183 | D:2      | Reached skill level 1 in Dodging
  1204 | D:2      | Reached skill level 4 in Fighting
  1313 | D:2      | Reached XP level 4. HP: 21/37 MP: 6/6
  1330 | D:2      | Slain by a gnoll

Levels and vault maps discovered:
D:1:      wander_arrival_peaceful_grave, layout_basic, bh_walls_and_bars
D:2:      layout_loops_cross, led_sif_pool, grunt_qazlal_clouds,
          chequers_ecumenical_altar_simple, uniq_crazy_yiuf_cottage

Skill      XL: |  1  2  3 |
---------------+----------+-----
Armour         | 2 |  2.2
Axes           | 2 |  2.3
Dodging        | 1 |  1.1
Invocations    | 3 |  3.2
Fighting       | 4 |  4.1
Stealth        | |  0.3

Action                   |  1- 3 |  4- 6 || total
-------------------------+-------+-------++-------
Melee: Hand axe          |    99 |    11 ||   110
Invok: Depart the Abyss  |     1 |       ||     1
  Use: Scroll            |     3 |       ||     3
       Potion            |     1 |       ||     1
 Stab: Invisible         |     1 |     2 ||     3
  Eat: Chunk             |     1 |       ||     1
Armor: Leather armour    |    45 |     2 ||    47
Dodge: Dodged            |    66 |     7 ||    73

Table legend:
 A = Non-vault XP
 B = Vault XP
 C = Vault XP percentage of total XP
 D = Non-vault monster count
 E = Vault monster count
 F = Vault count percentage of total count
                 A         B        C        D         E       F
            +---------+---------+-------+---------+---------+-------
      Total |     126 |       0 |   0.0 |      32 |       0 |   0.0
            +---------+---------+-------+---------+---------+-------
        D:1 |      19 |       0 |   0.0 |      10 |       0 |   0.0
        D:2 |      97 |       0 |   0.0 |      21 |       0 |   0.0
    Abyss:1 |      10 |       0 |   0.0 |       1 |       0 |   0.0
            +---------+---------+-------+---------+---------+-------
